 Dungeon Crawl Stone Soup version 0.30-a0-374-g95c0257040 (webtiles) character file.

Game seed: 13760021536724648968

1117 KennySheep the Covered (level 8, -9/66 HPs)
             Began as an Armataur Fighter on Nov 27, 2022.
             Was an Initiate of Ru.
             Splashed by a jelly's acid (10 damage)
             ... on level 6 of the Dungeon.
             The game lasted 00:13:37 (3802 turns).

KennySheep the Covered (Armataur Fighter)           Turns: 3802, Time: 00:13:37

Health: -9/66      AC: -5    Str: 24    XL:     8   Next: 12%
Magic:  8/8        EV:  6    Int:  8    God:    Ru [......]
Gold:   129        SH:  0    Dex: 10    Spells: 7/7 levels left

rFire   . . .      SeeInvis .      - Unarmed
rCold   . . .      Faith    .    (no shield)
rNeg    . . .      Spirit   .    e - +2 plate armour {rPois}
rPois   +          Reflect  .    (no helmet)
rElec   .          Harm     .    (no cloak)
rCorr   .          Roll     +    l - +0 pair of gloves
Will    .....                    (no barding)
Stlth   ..........               (no amulet)
HPRegen 0.31/turn                (no ring)
MPRegen 0.11/turn                (no ring)

@: corroded
A: large, rugged brown scales 3, deformed body, armoured tail, roll, long
tongue, awkward tongue, talons 2, camouflage 1, MP-powered wands, sturdy frame 1
a: Renounce Religion


You were on level 6 of the Dungeon.
You worshipped Ru.
Ru was noncommittal.
You visited 1 branch of the dungeon, and saw 5 of its levels.

You collected 129 gold pieces.

Inventory:

Missiles
 h - a throwing net (quivered)
Armour
 a - a +0 scale mail
 b - a +0 buckler
 e - a +2 plate armour of poison resistance (worn)
 l - a +0 pair of gloves (worn)
Jewellery
 v - an amulet of magic regeneration
Wands
 t - a wand of flame (26)
 u - a wand of iceblast (6)
Scrolls
 i - a scroll of teleportation
 k - a scroll of poison
 o - a scroll of fear
 p - 2 scrolls of fog {unknown}
 q - a scroll of blinking
 s - 3 scrolls of identify
Potions
 d - a potion of curing {unknown}
 f - a potion of resistance {unknown}
 g - a potion of flight
 j - a potion of ambrosia {unknown}
 m - a potion of mutation
 r - a potion of magic {unknown}


   Skills:
 - Level 2.6 Fighting
 + Level 7.8 Armour
 - Level 3.2 Shields
 * Level 7.2 Unarmed Combat
 - Level 0.3 Transmutations


You had 7 spell levels left.
You didn't know any spells.
Your spell library contained the following spells:

 Spells                   Type           Power      Damage    Failure   Level
 Summon Small Mammal      Summ           0%         N/A       97%         1
 Ensorcelled Hibernation  Hex/Ice        0%         N/A       99%         2
 Passwall                 Tmut/Erth      0%         N/A       99%         2
 Spider Form              Tmut/Pois      0%         N/A       100%        3
 Swiftness                Air            0%         N/A       100%        3
 Anguish                  Hex/Necr       0%         N/A       100%        4


Dungeon Overview and Level Annotations

Branches:
Dungeon (6/15)             Temple (0/1) D:5

Altars:
Kikubaaqudgha
Okawaru
Ru
Sif Muna
Vehumet
Wu Jian


Innate Abilities, Weirdness & Mutations

You are completely covered in rugged brown scales. (AC +3, +7% HP)
Armour fits poorly on your strangely shaped body.
You have a long armoured tail.
You roll when moving toward enemies. (Rampage)
Your long tongue fully drains potion bottles. (2x potion effects)
Your tongue gives you trouble enunciating. (1.5x scroll delay)
You have razor-sharp toenails.
Your skin changes colour to match your surroundings (Stealth+).
You expend magic power (3 MP) to strengthen your wands.
Your movements are slightly less encumbered by armour. (ER -2)


Message History

There is a stone staircase leading down here.
You climb downwards.
Found a robe, a tapered fluorescent wand and a book of Flames.
Found an escape hatch in the floor.
There is a stone staircase leading up here.
The jelly hits you but does no damage.
You hit the jelly but do no damage. The acid corrodes you!
Your hands burn!
The jelly hits you.
You are splashed with acid!
You hit the jelly. The acid corrodes you!
Your hands burn!
The jelly is moderately wounded.
You hit the jelly. The acid corrodes you!
Your hands burn!
You tail-slap the jelly, but do no damage.
The jelly is severely wounded.
The jelly hits you. The acid corrodes you!
You are splashed with acid!
You hit the jelly but do no damage.
Your hands burn!
You claw the jelly, but do no damage.
The jelly is severely wounded.
The jelly hits you. The acid corrodes you!
You are splashed with acid!
You hit the jelly but do no damage.
Your hands burn!
The jelly is severely wounded.
The jelly barely misses you.
You hit the jelly.
Your hands burn!
* * * LOW HITPOINT WARNING * * *
The jelly is severely wounded.
The jelly closely misses you.
You hit the jelly but do no damage.
Your hands burn!
* * * LOW HITPOINT WARNING * * *
You claw the jelly, but do no damage.
The jelly is severely wounded.
The jelly hits you.
* * * LOW HITPOINT WARNING * * *
You are splashed with acid!
* * * LOW HITPOINT WARNING * * *
Okay, then.
As you slowly read the scroll of fear, it crumbles to dust.
You assume a fearsome visage.
The jelly resists with some effort.
The jelly hits you.
* * * LOW HITPOINT WARNING * * *
You are splashed with acid!
You die...

........# ...
........#####...
#..............
#..............
#..............
#..>/..........
#....J....[....
#.....@<.......
#..............
.......########:
....... .......
....... .......
.......


You could see a jelly.

Vanquished Creatures
  Grinder (D:6)
  A yak (D:5)
  2 water moccasins
  A phantom (D:5)
  A scorpion (D:6)
  A hound (D:6)
  A jelly (D:5)
  7 orc wizards
  An iguana (D:5)
  5 gnolls
  5 adders
  A shadow imp (D:5)
  2 white imps
  A dart slug (D:2)
  6 orcs
  2 endoplasms
  4 goblins
  5 hobgoblins
  4 kobolds
  3 quokkas
  5 ball pythons
  4 bats
  4 frilled lizards
  3 rats
70 creatures vanquished.

Notes
Turn   | Place    | Note
-------+----------+-------------------------------------------
     0 | D:1      | KennySheep the Armataur Fighter began the quest for the
                  | Orb.
     0 | D:1      | Reached XP level 1. HP: 19/19 MP: 1/1
   532 | D:1      | Reached XP level 2. HP: 12/26 MP: 2/2
   909 | D:2      | Reached XP level 3. HP: 31/32 MP: 3/3
  1664 | D:3      | Reached XP level 4. HP: 39/39 MP: 4/4
  1831 | D:3      | Reached skill level 5 in Armour
  2119 | D:3      | You fall into a shaft and drop 2 floors!
  2119 | D:5      | Entered Level 5 of the Dungeon
  2119 | D:5      | Found a sacrificial altar of Ru.
  2127 | D:5      | Became a worshipper of Ru the Awakened
  2154 | D:5      | Noticed a phantom
  2172 | D:5      | Killed a phantom
  2173 | D:5      | Reached XP level 5. HP: 41/44 MP: 5/5
  2204 | D:5      | Found an ornate altar of the Wu Jian Council.
  2418 | D:5      | Reached XP level 6. HP: 30/53 MP: 6/6
  2586 | D:5      | Found an iron altar of Okawaru.
  2678 | D:5      | Found a staircase to the Ecumenical Temple.
  2679 | D:5      | Noticed a water moccasin
  2705 | D:5      | Killed a water moccasin
  2706 | D:5      | Reached skill level 5 in Unarmed Combat
  2993 | D:5      | Found a radiant altar of Vehumet.
  3014 | D:5      | Found an ancient bone altar of Kikubaaqudgha.
  3021 | D:5      | Found a shimmering blue altar of Sif Muna.
  3044 | D:5      | Reached XP level 7. HP: 35/59 MP: 7/7
  3046 | D:5      | Gained mutation: Your skin changes colour to match your
                  | surroundings (Stealth+). [potion of mutation]
  3046 | D:5      | Gained mutation: You have sharp toenails. [potion of
                  | mutation]
  3046 | D:5      | Gained mutation: You have razor-sharp toenails. [potion of
                  | mutation]
  3046 | D:5      | Gained mutation: You expend magic power (3 MP) to
                  | strengthen your wands. [potion of mutation]
  3046 | D:5      | Gained mutation: Your movements are slightly less
                  | encumbered by armour. (ER -2) [potion of mutation]
  3485 | D:5      | Got Sif Muna's Compendium of Attendants
  3542 | D:6      | Noticed Grinder
  3552 | D:6      | Paralysed by Grinder for 4 turns
  3566 | D:6      | Paralysed by Grinder for 3 turns
  3574 | D:6      | Paralysed by Grinder for 2 turns
  3580 | D:6      | Killed Grinder
  3734 | D:6      | Noticed a yak
  3734 | D:6      | Noticed a yak
  3734 | D:6      | Noticed a yak
  3734 | D:6      | Noticed a yak
  3759 | D:5      | Killed a yak
  3760 | D:5      | Reached XP level 8. HP: 55/66 MP: 8/8
  3801 | D:6      | HP: 1/66 [acid (9)]
  3802 | D:6      | Splashed by a jelly's acid

Illustrated notes

Levels and vault maps discovered:
D:1:      dpeg_arrival_round_b, layout_loops_cross
D:2:      layout_loops_ring, minmay_puff
D:3:      layout_basic, chequers_mini_garden, supply_closet_lemuel
D:5:      layout_loops_ring, palyth_temple_overflow_mages,
          mainiacjoe_overflow_surrounded_room, nicolae_ru_sacrificial_ziggurat,
          overflow_temple_1_default, minmay_temple_entry_large_hall, st_stairs_5
D:6:      layout_gridville, serial_shops, nicolae_shop_stone, shop, shop,
          kennysheep_boxes, uniq_pikel, uniq_maggie, uniq_grinder, uniq_edmund

Skill      XL: |  1  2  3  4  5  6  7 |
---------------+----------------------+-----
Armour         | 4 5 6 7 |  7.8
Unarmed Combat | 2 4 5 7 |  7.2
Fighting       | |  2.6
Shields        | |  3.2
Transmutations | |  0.3

Action                   |  1- 3 |  4- 6 |  7- 9 || total
-------------------------+-------+-------+-------++-------
Melee: Unarmed           |   137 |   219 |    56 ||   412
       Tailslap          |     6 |    17 |     7 ||    30
       Punch             |       |     6 |     1 ||     7
       Kick              |       |       |    21 ||    21
  Use: Scroll            |     3 |     1 |     1 ||     5
       Potion            |     1 |       |     5 ||     6
 Stab: Fleeing           |     1 |       |       ||     1
Armor: Plate armour      |   113 |   132 |    25 ||   270
Dodge: Dodged            |    17 |    38 |    17 ||    72
Block: Buckler           |     1 |       |       ||     1

Table legend: (Time is in decaauts)
 A = Elapsed time spent in this place.
 B = Non-inter-level travel time spent in this place.
 C = Inter-level travel time spent in this place.
 D = Time resting spent in this place.
 E = Time spent auto-exploring this place.
 F = Levels seen in this place.
 G = Mean time per level.
                   A        B        C        D        E       F      G
               +--------+--------+--------+--------+--------+-----+--------+
         Total |   3738 |   3568 |    170 |    226 |   2468 |   5 |  747.6 |
       Dungeon |   3738 |   3568 |    170 |    226 |   2468 |   5 |  747.6 |
               +--------+--------+--------+--------+--------+-----+--------+

Top non-repeatable levels by time:
     D:5: 1413 daAuts
     D:2: 943 daAuts
     D:1: 676 daAuts
     D:3: 491 daAuts
     D:6: 214 daAuts
